 Dungeon Crawl Stone Soup version 0.27-a0-535-g7eaf864cf9 (webtiles) character file.

Game seed: 13817878080216724979

265 Deborian the Digger (level 6, 0/32 HPs)
             Began as a Gargoyle Earth Elementalist on Mar 6, 2021.
             Killed from afar by an orc wizard (12 damage)
             ... with a puff of flame
             ... on level 4 of the Dungeon.
             The game lasted 00:07:33 (5027 turns).

Deborian the Digger (Gargoyle Earth Elementalist)   Turns: 5027, Time: 00:07:33

Health: 0/32       AC:  6    Str: 12    XL:     6   Next: 20%
Magic:  7/11       EV: 11    Int: 17    God:
Gold:   223        SH:  0    Dex: 10    Spells: 3/12 levels left

rFire    . . .     SeeInvis .   m - +2 whip (drain)
rCold    . . .     Faith    .   (no shield)
rNeg     + . .     Spirit   .   c - +0 robe
rPois    ∞         Reflect  .   (no helmet)
rElec    +         Harm     .   (no cloak)
rCorr    .         Rampage  .   (no gloves)
Will     .....                  (no boots)
Stlth    ++........             (no amulet)
HPRegen  0.10/turn              (no ring)
MPRegen  0.12/turn              (no ring)

@: no status effects
A: negative energy resistance 1, electricity resistance, torment resistance 1,
unbreathing 1, petrification resistance, AC +4
a: no special abilities


You were on level 4 of the Dungeon.
You visited 1 branch of the dungeon, and saw 4 of its levels.

You collected 223 gold pieces.

Inventory:

Hand Weapons
 i - a +1 dagger of venom
 l - a +0 flail
 m - a +2 whip of draining (weapon)
Missiles
 b - 117 stones
Armour
 c - a +0 robe (worn)
Wands
 p - a wand of acid (8)
Potions
 a - 3 potions of brilliance
 e - a potion of haste {unknown}
 f - 3 potions of resistance
 g - a potion of might
 j - a potion of cancellation {unknown}
 k - 3 potions of mutation {unknown}
 n - 2 potions of attraction {unknown}
 o - a potion of flight {unknown}


   Skills:
 - Level 1.5 Dodging
 - Level 2.1 Stealth
 + Level 3.8 Spellcasting
 + Level 3.0 Conjurations
 - Level 0.7 Transmutations
 + Level 5.7 Earth Magic


You had 3 spell levels left.
You knew the following spells:

 Your Spells              Type           Power      Damage    Failure   Level
a - Sandblast             Erth           44%        2d11      1%          1
b - Stone Arrow           Conj/Erth      36%        3d9       8%          3
c - Lee's Rapid Deconstr  Erth           11%        3d9*      41%         5

Your spell library contained the following spells:

 Spells                   Type           Power      Damage    Failure   Level
 Passwall                 Tmut/Erth      11%        N/A       6%          2
 Petrify                  Tmut/Erth      14%        N/A       38%         4


Dungeon Overview and Level Annotations

Branches:
Dungeon (4/15)
 Temple: D:4-7

Altars:
Nemelex Xobeh


Innate Abilities, Weirdness & Mutations

Your stone body is resilient. (AC +4)
You are immune to poison.
You resist negative energy. (rN+)
You are resistant to electric shocks. (rElec)
You are resistance to unholy torment.
You can survive without breathing.
You are immune to petrification.


Message History

A puff of flame appears from out of thin air!
The puff of flame misses you.
You bump into the rock wall.
You bump into the rock wall.
You feel less confused.
The howler monkey hoots and howls with incredible vigour!
You hear a shout! x3
A magic dart appears from out of thin air!
The magic dart hits you.
The howler monkey hoots and howls with incredible vigour!
You hear a shout!
You hear an angry hiss.
You hear a shout!
The howler monkey hoots and howls with incredible vigour!
You hear some strange, mumbled words.
Something tries to affect you, but you resist.
The howler monkey hoots and howls with incredible vigour!
A magic dart appears from out of thin air!
The magic dart hits you!
A puff of flame appears from out of thin air!
The puff of flame hits you!
* * * LOW HITPOINT WARNING * * *
Unknown command.
Unknown command.
Unknown command.
It was a potion of curing.
You feel better.
You start resting.
A puff of flame appears from out of thin air!
The puff of flame hits you.
There is a strange disturbance nearby!
Casting: Sandblast (safe; 1% risk of failure)
Confirm with . or Enter, or press ? or * to list all spells.
You can't see any susceptible monsters within range! (Use Z to cast anyway.) Unknown command.
Unknown command.
As you read the scroll of fog, it crumbles to dust.
The scroll dissolves into smoke.
The orc wizard casts a spell at itself.
The orc wizard flickers and vanishes!
A puff of flame appears from out of thin air!
The puff of flame hits you!
You die...

# ###### ....§##
###.#§############
...###§§§§o§.{.{.#
###.#§##########.#
##§## #.# #§# #.#
#.# #@# #.# #.#
#.# #.# #o# #.#
#h# #.# #.# #.#
#.# #.# #.# #.#
#.#


There were no monsters in sight!

Vanquished Creatures
  An orc wizard (D:4)
  An iguana (D:4)
  A worker ant (D:4)
  5 gnolls
  4 adders
  A worm (D:2)
  2 leopard geckos
  13 orcs
  10 bats
  2 giant cockroaches
  9 goblins
  9 hobgoblins
  11 jackals
  5 kobolds
  2 quokkas
  2 ball pythons
  2 frilled lizards (D:2)
  2 quokka skeletons (D:4)
  7 rats
89 creatures vanquished.

Notes
Turn   | Place    | Note
-------+----------+-------------------------------------------
     0 | D:1      | Deborian the Gargoyle Earth Elementalist began the quest
                  | for the Orb.
     0 | D:1      | Reached XP level 1. HP: 10/10 MP: 3/3
   452 | D:1      | Reached XP level 2. HP: 11/15 MP: 1/5
   547 | D:1      | Reached skill level 4 in Earth Magic
  1130 | D:1      | Reached XP level 3. HP: 16/19 MP: 4/6
  1134 | D:1      | Learned a level 3 spell: Stone Arrow
  1784 | D:2      | Reached skill level 1 in Conjurations
  2249 | D:2      | Reached XP level 4. HP: 24/24 MP: 4/8
  4178 | D:4      | Reached skill level 5 in Earth Magic
  4178 | D:4      | Reached XP level 5. HP: 27/28 MP: 9/9
  4184 | D:4      | Learned a level 5 spell: Lee's Rapid Deconstruction
  4502 | D:4      | Found a sparkling altar of Nemelex Xobeh.
  4950 | D:4      | Reached XP level 6. HP: 32/32 MP: 11/11
  5027 | D:4      | Killed from afar by an orc wizard

Illustrated notes

Levels and vault maps discovered:
D:1:      wander_arrival_desolate, layout_loops_ring
D:2:      layout_loops_ring, minmay_goblin_outpost
D:3:      layout_basic
D:4:      layout_loops_ring, nemelex_xobeh_ov_fountains_minmay, kennysheep_dice

Skill      XL: |  1  2  3  4  5  6 |
---------------+-------------------+-----
Earth Magic    | 4 5 |  5.7
Conjurations   | 1 2 3 |  3.0
Spellcasting   | 3 |  3.8
Dodging        | |  1.5
Stealth        | |  2.1
Transmutations | |  0.7

Action                   |  1- 3 |  4- 6 || total
-------------------------+-------+-------++-------
Melee: Unarmed           |    12 |       ||    12
       Club              |    46 |       ||    46
       Dagger            |    46 |       ||    46
       Whip              |       |   158 ||   158
 Cast: Sandblast         |    28 |    14 ||    42
       Lee's Rapid Decon |       |     2 ||     2
  Use: Scroll            |       |     5 ||     5
       Potion            |       |     1 ||     1
 Stab: Sleeping          |     5 |     6 ||    11
Armor: Robe              |    54 |    55 ||   109
Dodge: Dodged            |   108 |    91 ||   199

Table legend: (Time is in decaauts)
 A = Elapsed time spent in this place.
 B = Non-inter-level travel time spent in this place.
 C = Inter-level travel time spent in this place.
 D = Time resting spent in this place.
 E = Time spent auto-exploring this place.
 F = Levels seen in this place.
 G = Mean time per level.
                   A        B        C        D        E       F      G
               +--------+--------+--------+--------+--------+-----+--------+
         Total |   5054 |   4978 |     76 |    890 |   3299 |   4 | 1263.5 |
       Dungeon |   5054 |   4978 |     76 |    890 |   3299 |   4 | 1263.5 |
               +--------+--------+--------+--------+--------+-----+--------+

Top non-repeatable levels by time:
     D:2: 1965 daAuts
     D:1: 1342 daAuts
     D:3: 880 daAuts
     D:4: 866 daAuts
